 Dungeon Crawl Stone Soup version 0.32-a0-996-gb3226c2 (webtiles) character file.

Game seed: 12662030743504466414

714 yapang the Apothecary (level 7, -4/50 HPs)
             Began as a Yellow Draconian Alchemist on Apr 23, 2024.
             Succumbed to poison
             ... on level 5 of the Dungeon.
             The game lasted 00:07:26 (4898 turns).

yapang the Apothecary (Yellow Draconian Alchemist)  Turns: 4898, Time: 00:07:27

Health: -4/50      AC:  6    Str: 10    XL:     7   Next: 41%
Magic:  5/13       EV: 11    Int: 17    God:
Gold:   205        SH:  0    Dex: 12    Spells: 3/14 levels left

rFire   + . .        g - +0 short sword
rCold   + . .        (no shield)
rNeg    . . .        (body armour unavailable)
rPois   +            (helmet restricted)
rElec   +            (no cloak)
rCorr   +            (no gloves)
SInv    .            (no boots)
Will    .....        (no amulet)
Stlth   ++           (no ring)
HPRegen 0.28/turn    (no ring)
MPRegen 0.13/turn

%: no passive effects
@: lethally poisoned (-4 -> -25), resistant, very slightly contaminated
A: caustic breath, AC +6, unfitting armour, cold-blooded, acid resistance
a: Caustic Breath


You were on level 5 of the Dungeon.
You visited 1 branch of the dungeon, and saw 5 of its levels.

You collected 205 gold pieces.

Inventory:

Hand Weapons
 g - a +0 short sword (weapon)
Jewellery
 t - a ring of wizardry
Scrolls
 c - a scroll of amnesia {unknown}
 e - 6 scrolls of identify {unknown}
 f - 2 scrolls of fear {unknown}
 i - a scroll of acquirement {unknown}
 j - a scroll of fog {unknown}
 n - a scroll of immolation {unknown}
 q - a scroll of torment {unknown}
 r - 2 scrolls of revelation {unknown}
 u - a scroll of vulnerability {unknown}
Potions
 a - a potion of magic
 b - a potion of enlightenment {unknown}
 d - a potion of berserk rage {unknown}
 h - 2 potions of cancellation {unknown}
 k - a potion of might {unknown}
 l - a potion of attraction {unknown}
 m - 2 potions of resistance
 o - a potion of curing {unknown}
 p - a potion of lignification {unknown}
 s - 2 potions of heal wounds {unknown}


   Skills:
 - Level 1.7 Dodging
 - Level 1.7 Stealth
 - Level 4.0 Spellcasting
 - Level 2.0 Conjurations
 + Level 2.4 Fire Magic
 + Level 7.1 Alchemy


You had 3 spell levels left.
You knew the following spells:

 Your Spells              Type           Power      Damage    Failure   Level
a - Sting                 Conj/Alch      72%        1d7       2%          1
b - Mercury Vapours       Alch/Air       30%        N/A       5%          2
c - Olgreb's Toxic Radia  Alch           27%        N/A       9%          4
d - Sticky Flame          Fire/Alch      19%        2d6       22%         4

Your spell library contained the following spells:

 Spells                   Type           Power      Damage    Failure   Level
 Mephitic Cloud           Conj/Alch/Air  13%        N/A       14%         3


Dungeon Overview and Level Annotations

Branches:
Dungeon (5/15)
 Temple: D:4-7

Altars:
Dithmenos
Fedhas
Hepliaklqana
Makhleb
Okawaru
Ru
Wu Jian
Yredelemnul

Shops:
D:1 (


Innate Abilities, Weirdness & Mutations

You can breathe corrosive fumes.
Your golden yellow scales are hard. (AC +6)
You cannot fit into any form of body armour.
You are cold-blooded and may be slowed by cold attacks.
You are resistant to acid. (rCorr)


Message History

Aiming: Sting (safe; 2% risk of failure)
Press: ? - help, Shift-Dir - straight line, f - hound
Aim: a hound (almost dead, 64% to hit)
The sting hits the hound.
The hound is poisoned.
You kill the hound!
Casting: Sting (safe; 2% risk of failure)
Confirm with . or Enter, or press ? or * to list all spells.
Aiming: Sting (safe; 2% risk of failure)
Press: ? - help, Shift-Dir - straight line, f - iguana
Aim: an iguana (heavily wounded, covered in acid, 77% to hit)
The sting hits the iguana.
The iguana is poisoned.
The iguana is severely wounded.
The iguana bites you!
You barely miss the iguana.
The iguana is severely wounded.
The iguana bites you!
Casting: Sting (safe; 2% risk of failure)
Confirm with . or Enter, or press ? or * to list all spells.
Aiming: Sting (safe; 2% risk of failure)
Press: ? - help, Shift-Dir - straight line, f/p - iguana
Aim: an iguana (severely wounded, poisoned, covered in acid, 77% to hit)
The sting hits the iguana.
The iguana looks even sicker.
The iguana is severely wounded.
The iguana bites you!
* * * LOW HITPOINT WARNING * * *
Casting: Sting (safe; 2% risk of failure)
Confirm with . or Enter, or press ? or * to list all spells.
Aiming: Sticky Flame (quite dangerous; 22% risk of failure)
Press: ? - help, Shift-Dir - straight line, f/p - iguana
Aim: an iguana (severely wounded, very poisoned, covered in acid)
You miscast Sticky Flame.
You are very lightly contaminated with residual magic.
You are engulfed in toxic fumes.
You are lethally poisoned!
* * * LOW HITPOINT WARNING * * *
You feel very sick.
The iguana bites you but does no damage.
It was a potion of resistance.
You feel protected.
You die...

#............#....#.....
#............#....#.....
########.##.##.##.####..
.######.##.##.##.##.##.####..
.............................
..............................
..........................)...
...........l.............)...
.........°†.@................
$##.....####..####..###.<##.#
#.....#####+## #..#######.#
#....l.....................
#....l.......... .........
#............. .........
#.......##.... ........#
#.......# ### #########
#.......# #


You could see an iguana (very poisoned, corroded).

Vanquished Creatures
  An ice beast (D:5)
  A phantom (D:4)
  A kobold brigand (D:4)
  A scorpion (D:4)
  2 hounds
  Natasha (thrice) (D:3)
  3 orc wizards
  An iguana (D:5)
  3 gnolls (D:5)
  5 adders
  A white imp (D:4)
  2 ufetubi (D:5)
  A ribbon worm (D:2)
  10 orcs
  5 endoplasms
  3 giant cockroaches
  7 hobgoblins
  5 jackals (D:3)
  9 kobolds
  6 quokkas
  9 ball pythons
  5 bats
  5 frilled lizards
  5 goblins
  4 rats
98 creatures vanquished.

Notes
Turn   | Place    | Note
-------+----------+-------------------------------------------
     0 | D:1      | yapang the Draconian Alchemist began the quest for the Orb.
     0 | D:1      | Reached XP level 1. HP: 14/14 MP: 3/3
   279 | D:1      | Reached XP level 2. HP: 20/20 MP: 0/5
   513 | D:1      | Found Menail's Weapon Boutique.
  1428 | D:2      | Reached XP level 3. HP: 26/26 MP: 4/7
  1682 | D:2      | Found a shadowy altar of Dithmenos.
  1702 | D:2      | Learned a level 2 spell: Mercury Vapours
  2156 | D:3      | Noticed Natasha
  2164 | D:3      | Killed Natasha
  2165 | D:3      | Reached skill level 4 in Alchemy
  2165 | D:3      | Reached XP level 4. HP: 22/33 MP: 2/8
  2408 | D:3      | Noticed Natasha
  2417 | D:3      | Killed Natasha
  2626 | D:3      | Reached XP level 5. HP: 38/38 MP: 5/9
  2830 | D:3      | Noticed Natasha
  2835 | D:3      | Killed Natasha
  2836 | D:3      | Reached skill level 5 in Alchemy
  3295 | D:4      | Learned a level 4 spell: Olgreb's Toxic Radiance
  3348 | D:4      | Noticed a phantom
  3458 | D:4      | Reached skill level 6 in Alchemy
  3458 | D:4      | Reached XP level 6. HP: 37/45 MP: 4/10
  3481 | D:4      | Learned a level 4 spell: Sticky Flame
  3517 | D:5      | Entered Level 5 of the Dungeon
  3518 | D:5      | Noticed an ice beast
  3587 | D:4      | Reached skill level 1 in Fire Magic
  3797 | D:4      | Your scales start taking on a golden yellow colour.
  3797 | D:4      | Reached XP level 7. HP: 48/50 MP: 4/12
  3797 | D:4      | Gained mutation: You are resistant to acid. (rCorr) [Yellow
                  | Draconian growth]
  4522 | D:4      | Found a hazy altar of Hepliaklqana.
  4685 | D:5      | Found a basalt altar of Yredelemnul.
  4685 | D:5      | Found an ornate altar of the Wu Jian Council.
  4685 | D:5      | Found a blossoming altar of Fedhas.
  4685 | D:5      | Found a sacrificial altar of Ru.
  4691 | D:5      | Found an iron altar of Okawaru.
  4691 | D:5      | Found a burning altar of Makhleb.
  4737 | D:5      | Reached skill level 7 in Alchemy
  4897 | D:5      | HP: 1/50 [poison]
  4898 | D:5      | Succumbed to poison

Illustrated notes

Levels and vault maps discovered:
D:1:      dpeg_arrival_pond, layout_loops_corners, serial_shops,
          nicolae_shop_tiny_glass
D:2:      layout_loops_cross, basic_altar, roderic_roman_lattice
D:3:      layout_loops_ring, minmay_unequal, uniq_natasha
D:4:      cheibrodos_helix_gallery, layout_gridville,
          mainiacjoe_overflow_alcove_4, kennysheep_flooded_box
D:5:      layout_gridville, minmay_overflow_temple_hex

Skill      XL: |  1  2  3  4  5  6  7 |
---------------+----------------------+-----
Spellcasting   | 3 4 |  4.0
Conjurations   | 2 |  2.0
Alchemy        | 4 6 7 |  7.1
Fire Magic     | 1 2 |  2.4
Dodging        | |  1.7
Stealth        | |  1.7

Action                     |  1- 3 |  4- 6 |  7- 9 || total
---------------------------+-------+-------+-------++-------
  Melee: Short sword       |    19 |    68 |    10 ||    97
         Unarmed           |     1 |       |       ||     1
         Tailslap          |     2 |    14 |     2 ||    18
   Cast: Sting             |    75 |    81 |    23 ||   179
         Olgreb's Toxic Ra |       |     2 |     1 ||     3
         Sticky Flame      |       |     2 |     1 ||     3
Ability: Caustic Breath    |       |       |     1 ||     1
    Use: Potion            |       |       |     1 ||     1
 Armour: Skin              |    24 |    68 |    40 ||   132
  Dodge: Dodged            |    35 |    50 |    27 ||   112

Table legend: (Time is in decaauts)
 A = Elapsed time spent in this place.
 B = Non-inter-level travel time spent in this place.
 C = Inter-level travel time spent in this place.
 D = Time resting spent in this place.
 E = Time spent auto-exploring this place.
 F = Levels seen in this place.
 G = Mean time per level.
                   A        B        C        D        E       F      G
               +--------+--------+--------+--------+--------+-----+--------+
         Total |   4900 |   4791 |    109 |    100 |   4012 |   5 |  980.0 |
       Dungeon |   4900 |   4791 |    109 |    100 |   4012 |   5 |  980.0 |
               +--------+--------+--------+--------+--------+-----+--------+

Top non-repeatable levels by time:
     D:3: 1385 daAuts
     D:4: 1261 daAuts
     D:1: 1129 daAuts
     D:2: 834 daAuts
     D:5: 289 daAuts
